AoeStats
← JUANCA FORT

MegaRandom

508007189Analyzed
4v4 RM · 10d ago on Sep 20, 2026· 45m 47s· 8 players
Game mode
Random Map
Map size
Large (8 player)
Population
200
Speed
Normal
Resources
Standard
Victory
Conquest
Starting age
Dark Age
Ending age
Imperial Age
RankedLock teamsTeams togetherTeam positionsShared explorationLock speedFull tech treeHidden civsTurbo modeCheats
Victory
Defeat
1219
+10
🇦🇺 Wei · Australia
1082
+16
🇦🇷 Burmese · Argentina
967
+21
🇹🇼 Cumans · Taiwan
963
+20
🇨🇳 Byzantines · China
1116
-18
🇨🇴 Gurjaras · Colombia
1071
-17
🇦🇷 Mongols · Argentina
1050
-16
🇨🇳 Saracens · China
1046
-37
RzBol
12:45 Feudal Age
13:34 Loom
15:19 Wheelbarrow
15:02 Double-Bit Axe
15:19 Gold Mining
16:17 Bloodlines
19:08 Castle Age
26:51 Stone Mining
30:25 Husbandry
30:15 Horse Collar
30:58 Heavy Plow
32:25 Scale Barding Armor
32:47 Bow Saw
33:14 Gold Shaft Mining
33:18 Scale Mail Armor
37:00 Hand Cart
40:09 Imperial Age
37:33 Town Watch
38:25 Chain Mail Armor
39:16 Forging
39:42 Bloodlines
40:37 Chain Barding Armor
40:52 Iron Casting
40:47 Town Patrol
40:17 Heavy Camel Rider
42:50 Plate Barding Armor
43:15 Stone Shaft Mining
43:38 Conscription
44:13 Iron Casting
44:12 Fletching
44:22 Padded Archer Armor
45:03 Frontier Guards
JUANCA FORT
3:41 Loom
14:39 Feudal Age
14:44 Man-at-Arms
15:15 Double-Bit Axe
19:22 Fletching
22:38 Padded Archer Armor
23:17 Horse Collar
25:20 Wheelbarrow
29:40 Castle Age
29:06 Gold Mining
29:48 Crossbowman
30:43 Bow Saw
zhenyy
12:32 Feudal Age
17:16 Castle Age
15:25 Double-Bit Axe
17:12 Loom
28:06 Forging
27:46 Fletching
29:34 Pikeman
34:34 Fletching
41:49 Imperial Age
風中散髪
11:32 Feudal Age
15:26 Castle Age
15:19 Double-Bit Axe
15:19 Horse Collar
15:39 Gold Mining
27:21 Scale Barding Armor
29:29 Heavy Plow
37:51 Imperial Age
雪科第五中學
0:54 Loom
11:28 Feudal Age
14:38 Man-at-Arms
20:04 Wheelbarrow
39:04 Castle Age
38:28 Gold Mining
39:15 Horse Collar
40:27 Long Swordsman
41:36 Pikeman
42:49 Forging
44:29 Iron Casting
==出草==
9:41 Feudal Age
11:03 Wheelbarrow
15:24 Double-Bit Axe
15:22 Horse Collar
17:50 Loom
24:46 Castle Age
23:02 Gold Mining
24:15 Forging
26:36 Bow Saw
28:23 Heavy Plow
31:45 Bloodlines
33:28 Iron Casting
36:41 Imperial Age
35:56 Town Watch
36:33 Hand Cart
36:36 Scale Barding Armor
37:24 Town Patrol
38:51 Cavalier
39:55 Conscription
39:37 Steppe Husbandry
40:51 Two-Man Saw
42:07 Paladin
45:51 Blast Furnace
46:25 Chain Barding Armor
觀陣圖~掌兵勢~將相之才
0:33 Loom
11:46 Feudal Age
12:52 Double-Bit Axe
15:28 Castle Age
18:53 Scale Mail Armor
22:33 Town Watch
25:25 Bow Saw
25:07 Horse Collar
26:41 Wheelbarrow
26:23 Heavy Plow
27:18 Fletching
29:42 Stone Mining
29:42 Gold Mining
31:01 Squires
31:12 Forging
31:44 Chain Mail Armor
31:29 Bodkin Arrow
36:13 Imperial Age
33:59 Hand Cart
34:16 Ballistics
35:34 Iron Casting
35:17 Guard Tower
35:25 Murder Holes
38:41 Two-Man Saw
37:42 Bracer
38:43 Blast Furnace
38:56 Chemistry
39:01 Plate Mail Armor
40:31 Keep
40:02 Siege Engineers
41:25 Royal Heirs
40:46 Elite Shotel Warrior
41:50 Conscription
42:15 Halberdier
MegaPanda
0:55 Loom
12:09 Feudal Age
14:01 Double-Bit Axe
14:03 Horse Collar
20:20 Gold Mining
21:48 Wheelbarrow
22:30 Bloodlines
26:56 Castle Age
27:11 Scale Barding Armor
27:18 Forging
30:56 Heavy Plow
31:08 Heavy Plow
31:40 Bow Saw
33:18 Chain Barding Armor
33:33 Iron Casting
33:36 Husbandry
35:42 Hand Cart
36:29 Fletching
36:39 Padded Archer Armor
37:01 Ballistics
37:47 Town Watch
41:40 Imperial Age
39:57 Thumb Ring
39:50 Bodkin Arrow
40:10 Leather Archer Armor
Connection lost

Rejoining the realm…

Still unreachable

The connection could not be restored.

Session expired

The server has moved on; the page needs a fresh start.